Login

Jets vs Wuhan Clan

Created - November 26, 2023 at 11:57

Goals
1 2 3 T
Jets 1 1 0 2
Wuhan Clan 3 0 1 4
Shots
1 2 3 T
Jets 10 7 7 24
Wuhan Clan 9 3 8 20

GoalsPenalties
1st period
1. Jets , Aleksander Barkov 6 (Martin Necas 6, Pierre-Luc Dubois 5) at 13:55 (PP)
2. Wuhan Clan , Adam Lowry 3 (Michael Rasmussen 2) at 14:36
3. Wuhan Clan , David Krejci 1 (Elias Pettersson 4) at 15:07
4. Wuhan Clan , Adam Lowry 4 (Michael Rasmussen 3) at 16:34
Chu Kock (WUH) for Boarding (Minor) at 13:00
2nd period
5. Jets , Aleksander Barkov 7 (Crabface Tinklenuts 10, Jacob Trouba 3) at 13:51
Jacob Larsson (WUH) for High sticking (Minor) at 10:15
3rd period
6. Wuhan Clan , Brock Nelson 5 (Tomas Tatar 4, Jason Dickinson 4) at 4:23
No Penalty
Goalie Stats
Connor Hellebuyck (INV), 10 saves from 14 shots - (0.714), L, 8-6-1, 44:23 minutes
Pavel Francouz (INV), 6 saves from 6 shots - (1.000), 15:37 minutes
Jacob Markstrom (WUH), 22 saves from 24 shots - (0.917), W, 4-9-1, 60:00 minutes
3 StarsOfficial
1 - Adam Lowry (WUH)
2 - Michael Rasmussen (WUH)
3 - Aleksander Barkov (INV)
Referees : Unknown
Linesman : Unknown
Game Note
Pavel Francouz enters game at 4:23 of 3rd period
Finance
Level 1 -- Attendance: 4297 (66.11%) -- Ticket Income $429,700
Level 2 -- Attendance: 3890 (70.73%) -- Ticket Income $233,400
Level 3 -- Attendance: 1603 (64.12%) -- Ticket Income $56,105
Level 4 -- Attendance: 3126 (69.47%) -- Ticket Income $78,150
Luxury Box -- Attendance: 1096 (73.07%) -- Ticket Income $219,200
Game was played at the Corona Place.
Total Attendance: 14012 (68.35%)
Total Ticket Income: $1,016,555
Other Income: $406,622
Total Income: $1,423,177



Team Name Goals Shots Shots Attemp Shots Blocked PIM HIT PP PK FO%
Jets 2245240201 / 2 (50%)044%
Wuhan Clan 4204274190 / 0 (0.00%156%

Jets
Player Name POS G A P +/- PIM HIT SHT SB MP PP MP PP SHT PK MP PK SHT FO% FOT
Aleksander BarkovC2020017024:231:3430:00069% 13
Brandon SaadLW/RW000-3004018:420:0000:0000% 0
Crabface TinklenutsD0110032124:581:2620:0000% 0
Erik HaulaC/LW000001007:540:0000:00018% 11
Jacob TroubaD0111030016:481:2600:0000% 0
Jake SandersonD000-3020018:331:2800:0000% 0
Jonas BrodinD000-3020018:331:2800:0000% 0
Joshua MorrisseyD000-101118:100:0000:0000% 0
Luke EvangelistaRW0000002015:571:2010:00050% 2
Mark ScheifeleC0000004021:361:2010:00046% 13
Martin NecasC/RW0110010017:271:3400:00050% 4
Mason McTavishC/LW000-3013018:420:0000:00032% 22
Matias MaccelliLW000-3020019:230:0000:000100% 1
Morgan RiellyD0000000216:290:0000:0000% 0
Nikolaj EhlersLW/RW0000001015:571:2000:0000% 1
Pierre-Luc DuboisC/LW/RW0110010017:271:3400:000100% 2
Roman JosiD0000010016:290:0000:0000% 0
William KarlssonC000001002:320:0000:000100% 1
Wuhan Clan
Player Name POS G A P +/- PIM HIT SHT SB MP PP MP PP SHT PK MP PK SHT FO% FOT
Aaron EkbladD000-1031023:260:0001:1900% 0
Adam LowryC2022027016:350:0000:55058% 19
Brock NelsonC1011015019:300:0001:59050% 22
Chu KockRW0000210017:070:0000:2800% 0
Connor CliftonD000-1010224:260:0002:1900% 0
David KrejciC/LW1010001016:400:0000:000100% 1
Dougie HamiltonD0002001019:010:0001:3500% 0
Elias PetterssonC0110001025:330:0001:59053% 15
Gabriel CarlssonD0002010017:260:0000:0000% 0
Jack QuinnRW000000007:120:0000:0000% 0
Jacob LarssonD0002250117:390:0000:0700% 0
Jason DickinsonC/LW0111010117:340:0000:0000% 0
Jesperi KotkaniemiC/LW000000107:390:0000:27057% 7
Kevin LabancRW0002001015:400:0000:0000% 1
Michael RasmussenC/LW0222021015:400:0000:00050% 2
Tomas TatarLW/RW0111011117:340:0000:000100% 3
Travis DermottD0002010218:010:0000:2800% 0
Wyatt JohnstonC000000000:210:0000:0000% 0

Jets

5 vs 5 Forward
Line #Left WingCenterRight WingPHYDFOFWanted %Time %Time Play
1Pierre-Luc DuboisAleksander BarkovMartin Necas1223028%15:53
2Nikolaj EhlersMark ScheifeleLuke Evangelista1222826%14:37
3Matias MaccelliMason McTavishBrandon Saad1222633%18:42
4Aleksander BarkovErik HaulaMark Scheifele1221614%7:54
5 vs 5 Defense
Line #DefenseDefensePHYDFOFWanted %Time %Time Play
1Crabface TinklenutsJacob Trouba1223027%15:22
2Jake SandersonJonas Brodin1222830%17:05
3Morgan RiellyRoman Josi1222629%16:29
4Joshua MorrisseyCrabface Tinklenuts1221614%8:10
Power Play Forward
Line #Left WingCenterRight WingPHYDFOFWanted %Time %Time Play
1Pierre-Luc DuboisAleksander BarkovMartin Necas1225554%1:34
2Nikolaj EhlersMark ScheifeleLuke Evangelista1224546%1:20
Power Play Defense
Line #DefenseDefensePHYDFOFWanted %Time %Time Play
1Crabface TinklenutsJacob Trouba1225549%1:26
2Jake SandersonJonas Brodin1224551%1:28
Penalty Kill 4 Players Forward
Line #CenterWingPHYDFOFWanted %Time %Time Play
1Aleksander BarkovMark Scheifele122550%0:00
2Pierre-Luc DuboisMartin Necas122450%0:00
Penalty Kill 4 Players Defense
Line #DefenseDefensePHYDFOFWanted %Time %Time Play
1Crabface TinklenutsJacob Trouba122550%0:00
2Jake SandersonJonas Brodin122450%0:00
Penalty Kill 3 Players
Line #WingPHYDFOFWanted %Time %Time PlayDefenseDefensePHYDFOFWanted %Time %Time Play
1Aleksander Barkov122550%0:00 Crabface TinklenutsJacob Trouba122550%0:00
2Mark Scheifele122450%0:00 Jake SandersonJonas Brodin122450%0:00
4 vs 4 Forward
Line #CenterWingPHYDFOFWanted %Time %Time Play
1Aleksander BarkovMark Scheifele122550%0:00
2Pierre-Luc DuboisMartin Necas122450%0:00
4 vs 4 Defense
Line #DefensePHYDFOFWanted %Time %Time Play
1Crabface TinklenutsJacob Trouba122550%0:00
2Jake SandersonJonas Brodin122450%0:00
Last Minutes Offensive
Left WingCenterRight WingDefenseDefense
Pierre-Luc DuboisAleksander BarkovMartin NecasCrabface TinklenutsJacob Trouba
Last Minutes Defensive
Left WingCenterRight WingDefenseDefense
Pierre-Luc DuboisAleksander BarkovMartin NecasCrabface TinklenutsJacob Trouba
Time
Total ForwardTotal DefenseLast Minutes OffensiveLast Minutes Defensive
60:00 60:00 0:000:00
Extra Forwards
Normal PowerPlayPenalty Kill
William Karlsson, Mason McTavish, Matias MaccelliWilliam Karlsson, Mason McTavishMatias Maccelli
Extra Defensemen
Normal PowerPlayPenalty Kill
Morgan Rielly, Roman Josi, Joshua MorrisseyMorgan Rielly, Roman JosiJoshua Morrissey
Penalty Shots
Aleksander Barkov, Mark Scheifele, Pierre-Luc Dubois, Martin Necas, Nikolaj Ehlers
Goalie
Connor Hellebuyck, Pavel Francouz
Custom OT Lines Forwards
Aleksander Barkov, Mark Scheifele, Pierre-Luc Dubois, Martin Necas, Nikolaj Ehlers, Luke Evangelista, Mason McTavish, Matias Maccelli, Erik Haula, William Karlsson
Custom OT Lines Defensemen
Crabface Tinklenuts, Jacob Trouba, Jake Sanderson, Jonas Brodin, Morgan Rielly
Scratches
Teuvo Teravainen (Healthy), Alexander Kerfoot (Healthy), Eeli Tolvanen (Healthy)

Wuhan Clan

5 vs 5 Forward
Line #Left WingCenterRight WingPHYDFOFWanted %Time %Time Play
1David KrejciElias PetterssonChu Kock1223029%16:40
2Jason DickinsonBrock NelsonTomas Tatar1222831%17:34
3Michael RasmussenAdam LowryKevin Labanc1222627%15:40
4Elias PetterssonJesperi KotkaniemiJack Quinn1221613%7:12
5 vs 5 Defense
Line #DefenseDefensePHYDFOFWanted %Time %Time Play
1Aaron EkbladConnor Clifton1223025%14:03
2Dougie HamiltonGabriel Carlsson1222831%17:26
3Travis DermottJacob Larsson1222631%17:33
4Aaron EkbladConnor Clifton1221614%8:04
Power Play Forward
Line #Left WingCenterRight WingPHYDFOFWanted %Time %Time Play
1David KrejciElias PetterssonChu Kock122550%0:00
2Jason DickinsonBrock NelsonTomas Tatar122450%0:00
Power Play Defense
Line #DefenseDefensePHYDFOFWanted %Time %Time Play
1Aaron EkbladConnor Clifton122550%0:00
2Dougie HamiltonAaron Ekblad122450%0:00
Penalty Kill 4 Players Forward
Line #CenterWingPHYDFOFWanted %Time %Time Play
1Elias PetterssonBrock Nelson1225568%1:59
2Adam LowryChu Kock1224532%0:55
Penalty Kill 4 Players Defense
Line #DefenseDefensePHYDFOFWanted %Time %Time Play
1Aaron EkbladConnor Clifton1225545%1:19
2Dougie HamiltonConnor Clifton1224555%1:35
Penalty Kill 3 Players
Line #WingPHYDFOFWanted %Time %Time PlayDefenseDefensePHYDFOFWanted %Time %Time Play
1Elias Pettersson122550%0:00 Aaron EkbladConnor Clifton122550%0:00
2Brock Nelson122450%0:00 Dougie HamiltonConnor Clifton122450%0:00
4 vs 4 Forward
Line #CenterWingPHYDFOFWanted %Time %Time Play
1Elias PetterssonBrock Nelson122550%0:00
2Adam LowryChu Kock122450%0:00
4 vs 4 Defense
Line #DefensePHYDFOFWanted %Time %Time Play
1Aaron EkbladConnor Clifton122550%0:00
2Dougie HamiltonAaron Ekblad122450%0:00
Last Minutes Offensive
Left WingCenterRight WingDefenseDefense
David KrejciElias PetterssonChu KockAaron EkbladConnor Clifton
Last Minutes Defensive
Left WingCenterRight WingDefenseDefense
David KrejciElias PetterssonChu KockAaron EkbladConnor Clifton
Time
Total ForwardTotal DefenseLast Minutes OffensiveLast Minutes Defensive
60:00 60:00 0:000:00
Extra Forwards
Normal PowerPlayPenalty Kill
Wyatt Johnston, Michael Rasmussen, Jesperi KotkaniemiWyatt Johnston, Michael RasmussenJesperi Kotkaniemi
Extra Defensemen
Normal PowerPlayPenalty Kill
Travis Dermott, Jacob Larsson, Dougie HamiltonTravis Dermott, Jacob LarssonDougie Hamilton
Penalty Shots
Elias Pettersson, Brock Nelson, Adam Lowry, Chu Kock, David Krejci
Goalie
Jacob Markstrom, James Reimer
Custom OT Lines Forwards
Elias Pettersson, Brock Nelson, Adam Lowry, Chu Kock, David Krejci, Jason Dickinson, Tomas Tatar, Michael Rasmussen, Jesperi Kotkaniemi, Wyatt Johnston
Custom OT Lines Defensemen
Aaron Ekblad, Connor Clifton, Dougie Hamilton, Jacob Larsson, Travis Dermott
Scratches
Mark Borowiecki (Strained Left Elbow Injury), Blake Coleman (Healthy), Alexander Nylander (Healthy)


Play-by-Play

1st period


0:01 of 1st period - Elias Pettersson wins face-off versus Aleksander Barkov in neutral zone.
0:12 of 1st period - Shot by David Krejci.
0:12 of 1st period - Shot Misses the Net.
0:41 of 1st period - David Krejci is hit by Jacob Trouba.
0:55 of 1st period - Jason Dickinson is hit by Aleksander Barkov and loses puck.
1:45 of 1st period - Icing by Michael Rasmussen.
1:46 of 1st period - Mason McTavish wins face-off versus Adam Lowry in Wuhan Clan zone.
1:49 of 1st period - Shot by Brandon Saad.
1:49 of 1st period - Shot Misses the Net.
2:07 of 1st period - Shot by Brandon Saad.
2:07 of 1st period - Stopped by Jacob Markstrom without a rebound.
2:08 of 1st period - Erik Haula wins face-off versus Jesperi Kotkaniemi in Wuhan Clan zone.
2:33 of 1st period - Shot by Mark Scheifele.
2:33 of 1st period - Shot Blocked by Connor Clifton.
3:11 of 1st period - Jacob Larsson is hit by Matias Maccelli and loses puck.
3:16 of 1st period - Shot by Mason McTavish.
3:16 of 1st period - Stopped by Jacob Markstrom without a rebound.
3:17 of 1st period - Martin Necas wins face-off versus Brock Nelson in Wuhan Clan zone.
3:48 of 1st period - Shot by Tomas Tatar.
3:48 of 1st period - Shot Misses the Net.
3:54 of 1st period - Shot by Jason Dickinson.
3:54 of 1st period - Shot Misses the Net.
3:56 of 1st period - Shot by Brock Nelson.
3:56 of 1st period - Stopped by Connor Hellebuyck without a rebound.
3:57 of 1st period - Mason McTavish wins face-off versus Adam Lowry in Jets zone.
4:39 of 1st period - Icing by Michael Rasmussen.
4:40 of 1st period - Adam Lowry wins face-off versus Mark Scheifele in Wuhan Clan zone.
5:41 of 1st period - Shot by Brock Nelson.
5:41 of 1st period - Stopped by Connor Hellebuyck without a rebound.
5:42 of 1st period - Brock Nelson wins face-off versus Mason McTavish in Jets zone.
5:54 of 1st period - Icing by Roman Josi.
5:55 of 1st period - Michael Rasmussen wins face-off versus Mason McTavish in Jets zone.
6:05 of 1st period - Shot by Adam Lowry.
6:05 of 1st period - Stopped by Connor Hellebuyck without a rebound.
6:06 of 1st period - Aleksander Barkov wins face-off versus Brock Nelson in Jets zone.
6:17 of 1st period - Pierre-Luc Dubois is hit by Jason Dickinson and loses puck.
6:28 of 1st period - Shot by Jason Dickinson.
6:28 of 1st period - Shot Blocked by Crabface Tinklenuts.
6:30 of 1st period - Shot by Jason Dickinson.
6:30 of 1st period - Shot Misses the Net.
8:06 of 1st period - Shot by Michael Rasmussen.
8:06 of 1st period - Stopped by Connor Hellebuyck without a rebound.
8:07 of 1st period - Adam Lowry wins face-off versus Mason McTavish in Jets zone.
8:28 of 1st period - Shot by Brandon Saad.
8:28 of 1st period - Stopped by Jacob Markstrom with a rebound.
8:39 of 1st period - Off-side.
8:40 of 1st period - Martin Necas wins face-off versus Brock Nelson in neutral zone.
9:12 of 1st period - Shot by Aleksander Barkov.
9:12 of 1st period - Shot Blocked by Tomas Tatar.
10:10 of 1st period - Shot by Mark Scheifele.
10:10 of 1st period - Stopped by Jacob Markstrom with a rebound.
11:33 of 1st period - Icing by Jake Sanderson.
11:34 of 1st period - Brock Nelson wins face-off versus Mason McTavish in Jets zone.
13:00 of 1st period - Minor Penalty to Chu Kock for Boarding.
13:01 of 1st period - Aleksander Barkov wins face-off versus Adam Lowry in Wuhan Clan zone.
13:02 of 1st period - Shot by Crabface Tinklenuts.
13:02 of 1st period - Shot Misses the Net.
13:04 of 1st period - Shot by Aleksander Barkov.
13:04 of 1st period - Stopped by Jacob Markstrom with a rebound.
13:06 of 1st period - Shot by Crabface Tinklenuts.
13:06 of 1st period - Stopped by Jacob Markstrom without a rebound.
13:07 of 1st period - Elias Pettersson wins face-off versus Mark Scheifele in Wuhan Clan zone.
13:15 of 1st period - Icing by Crabface Tinklenuts.
13:16 of 1st period - Mark Scheifele wins face-off versus Elias Pettersson in Jets zone.
13:20 of 1st period - Mark Scheifele is hit by Connor Clifton and loses puck.
13:37 of 1st period - Shot by Luke Evangelista.
13:37 of 1st period - Stopped by Jacob Markstrom without a rebound.
13:38 of 1st period - Aleksander Barkov wins face-off versus Adam Lowry in Wuhan Clan zone.
13:41 of 1st period - Shot by Aleksander Barkov.
13:41 of 1st period - Stopped by Jacob Markstrom without a rebound.
13:42 of 1st period - Aleksander Barkov wins face-off versus Adam Lowry in Wuhan Clan zone.
13:55 of 1st period - Shot by Aleksander Barkov.
13:55 of 1st period - Goal by Aleksander Barkov - Jets : 1 - Wuhan Clan : 0.
13:56 of 1st period - Matias Maccelli wins face-off versus Elias Pettersson in neutral zone.
14:11 of 1st period - Shot by Mason McTavish.
14:11 of 1st period - Deflect By Brandon Saad.
14:11 of 1st period - Stopped by Jacob Markstrom without a rebound.
14:12 of 1st period - Adam Lowry wins face-off versus Erik Haula in Wuhan Clan zone.
14:12 of 1st period - Adam Lowry is hit by Erik Haula.
14:36 of 1st period - Shot by Adam Lowry.
14:36 of 1st period - Goal by Adam Lowry - Jets : 1 - Wuhan Clan : 1.
14:37 of 1st period - Elias Pettersson wins face-off versus Mason McTavish in neutral zone.
15:07 of 1st period - Shot by David Krejci.
15:07 of 1st period - Goal by David Krejci - Jets : 1 - Wuhan Clan : 2.
15:08 of 1st period - Adam Lowry wins face-off versus Mark Scheifele in neutral zone.
15:17 of 1st period - Shot by Kevin Labanc.
15:17 of 1st period - Shot Misses the Net.
15:26 of 1st period - Off-side.
15:27 of 1st period - Brock Nelson wins face-off versus Aleksander Barkov in neutral zone.
15:34 of 1st period - Shot by Brock Nelson.
15:34 of 1st period - Deflect By Jason Dickinson.
15:34 of 1st period - Shot Misses the Net.
15:36 of 1st period - Shot by Tomas Tatar.
15:36 of 1st period - Shot Blocked by Morgan Rielly.
15:50 of 1st period - Shot by Aleksander Barkov.
15:50 of 1st period - Shot Misses the Net.
15:59 of 1st period - Off-side.
16:00 of 1st period - Elias Pettersson wins face-off versus Luke Evangelista in neutral zone.
16:14 of 1st period - Elias Pettersson is hit by Crabface Tinklenuts and loses puck.
16:25 of 1st period - Shot by Chu Kock.
16:25 of 1st period - Shot Blocked by Joshua Morrissey.
16:27 of 1st period - Shot by Elias Pettersson.
16:27 of 1st period - Shot Misses the Net.
16:29 of 1st period - Shot by Aaron Ekblad.
16:29 of 1st period - Stopped by Connor Hellebuyck without a rebound.
16:30 of 1st period - Adam Lowry wins face-off versus Mason McTavish in Jets zone.
16:34 of 1st period - Shot by Adam Lowry.
16:34 of 1st period - Goal by Adam Lowry - Jets : 1 - Wuhan Clan : 3.
16:35 of 1st period - Aleksander Barkov wins face-off versus Michael Rasmussen in neutral zone.
16:44 of 1st period - Jake Sanderson is hit by Adam Lowry and loses puck.
16:56 of 1st period - Icing by Jonas Brodin.
16:57 of 1st period - Aleksander Barkov wins face-off versus Jesperi Kotkaniemi in Jets zone.
17:45 of 1st period - Off-side.
17:46 of 1st period - Tomas Tatar wins face-off versus Mark Scheifele in neutral zone.
17:59 of 1st period - Shot by Tomas Tatar.
17:59 of 1st period - Stopped by Connor Hellebuyck without a rebound.
18:00 of 1st period - Mason McTavish wins face-off versus Adam Lowry in Jets zone.
18:02 of 1st period - Icing by Morgan Rielly.
18:03 of 1st period - Adam Lowry wins face-off versus Mason McTavish in Jets zone.
18:17 of 1st period - Kevin Labanc is hit by Roman Josi and loses puck.
19:20 of 1st period - Shot by Crabface Tinklenuts.
19:20 of 1st period - Shot Misses the Net.
Goals for this period are 1 for Jets vs 3 for Wuhan Clan.
Shots for this period are 10 for Jets vs 9 for Wuhan Clan.

2nd period


0:01 of 2nd period - Jesperi Kotkaniemi wins face-off versus Erik Haula in neutral zone.
0:06 of 2nd period - Shot by Jesperi Kotkaniemi.
0:06 of 2nd period - Stopped by Connor Hellebuyck without a rebound.
0:07 of 2nd period - Elias Pettersson wins face-off versus Erik Haula in Jets zone.
0:07 of 2nd period - Chu Kock is hit by Joshua Morrissey and loses puck.
0:36 of 2nd period - Shot by Aleksander Barkov.
0:36 of 2nd period - Shot Misses the Net.
0:38 of 2nd period - Shot by Erik Haula.
0:38 of 2nd period - Shot Misses the Net.
0:40 of 2nd period - Shot by Aleksander Barkov.
0:40 of 2nd period - Deflect By Mark Scheifele.
0:40 of 2nd period - Stopped by Jacob Markstrom without a rebound.
0:41 of 2nd period - Brock Nelson wins face-off versus Mason McTavish in Wuhan Clan zone.
0:41 of 2nd period - Jason Dickinson is hit by Mason McTavish and loses puck.
0:51 of 2nd period - Matias Maccelli is hit by Jacob Larsson and loses puck.
0:56 of 2nd period - Shot by Mason McTavish.
0:56 of 2nd period - Deflect By Brandon Saad.
0:56 of 2nd period - Shot Misses the Net.
0:58 of 2nd period - Shot by Roman Josi.
0:58 of 2nd period - Shot Blocked by Travis Dermott.
1:00 of 2nd period - Shot by Roman Josi.
1:00 of 2nd period - Shot Blocked by Jacob Larsson.
1:34 of 2nd period - Icing by Crabface Tinklenuts.
1:35 of 2nd period - Jesperi Kotkaniemi wins face-off versus Aleksander Barkov in Jets zone.
2:04 of 2nd period - Shot by Martin Necas.
2:04 of 2nd period - Shot Misses the Net.
2:06 of 2nd period - Shot by Jacob Trouba.
2:06 of 2nd period - Shot Misses the Net.
2:08 of 2nd period - Shot by Aleksander Barkov.
2:08 of 2nd period - Shot Misses the Net.
2:10 of 2nd period - Shot by Aleksander Barkov.
2:10 of 2nd period - Shot Misses the Net.
3:33 of 2nd period - Icing by Brandon Saad.
3:34 of 2nd period - Mason McTavish wins face-off versus Elias Pettersson in Jets zone.
4:25 of 2nd period - Shot by Aleksander Barkov.
4:25 of 2nd period - Shot Misses the Net.
5:00 of 2nd period - Brock Nelson is hit by Crabface Tinklenuts and loses puck.
5:12 of 2nd period - Shot by Brock Nelson.
5:12 of 2nd period - Shot Misses the Net.
5:37 of 2nd period - Shot by Kevin Labanc.
5:37 of 2nd period - Shot Misses the Net.
5:39 of 2nd period - Shot by Dougie Hamilton.
5:39 of 2nd period - Stopped by Connor Hellebuyck with a rebound.
5:49 of 2nd period - Shot by Adam Lowry.
5:49 of 2nd period - Stopped by Connor Hellebuyck with a rebound.
6:56 of 2nd period - Off-side.
6:57 of 2nd period - Tomas Tatar wins face-off versus Mason McTavish in neutral zone.
7:08 of 2nd period - Shot by Brock Nelson.
7:08 of 2nd period - Shot Misses the Net.
7:11 of 2nd period - Icing by Roman Josi.
7:12 of 2nd period - Adam Lowry wins face-off versus Mason McTavish in Jets zone.
7:18 of 2nd period - Morgan Rielly is hit by Jacob Larsson and loses puck.
7:30 of 2nd period - Shot by Mason McTavish.
7:30 of 2nd period - Stopped by Jacob Markstrom without a rebound.
7:31 of 2nd period - Brock Nelson wins face-off versus Mark Scheifele in Wuhan Clan zone.
7:47 of 2nd period - Brock Nelson is hit by Jonas Brodin and loses puck.
8:38 of 2nd period - Icing by Morgan Rielly.
8:39 of 2nd period - Mason McTavish wins face-off versus Elias Pettersson in Jets zone.
8:58 of 2nd period - Shot by Brandon Saad.
8:58 of 2nd period - Stopped by Jacob Markstrom with a rebound.
9:32 of 2nd period - Adam Lowry is hit by Pierre-Luc Dubois and loses puck.
10:05 of 2nd period - Luke Evangelista is hit by Jacob Larsson and loses puck.
10:15 of 2nd period - Minor Penalty to Jacob Larsson for High sticking.
10:16 of 2nd period - Mark Scheifele wins face-off versus Elias Pettersson in Wuhan Clan zone.
10:21 of 2nd period - Shot by Mark Scheifele.
10:21 of 2nd period - Shot Misses the Net.
10:35 of 2nd period - Shot by Crabface Tinklenuts.
10:35 of 2nd period - Stopped by Jacob Markstrom without a rebound.
10:36 of 2nd period - Pierre-Luc Dubois wins face-off versus Brock Nelson in Wuhan Clan zone.
11:46 of 2nd period - Shot by Mark Scheifele.
11:46 of 2nd period - Stopped by Jacob Markstrom without a rebound.
11:47 of 2nd period - Adam Lowry wins face-off versus Martin Necas in Wuhan Clan zone.
11:47 of 2nd period - Adam Lowry is hit by Martin Necas.
11:53 of 2nd period - Martin Necas is hit by Adam Lowry and loses puck.
12:50 of 2nd period - Icing by Roman Josi.
12:51 of 2nd period - Mason McTavish wins face-off versus Brock Nelson in Jets zone.
13:04 of 2nd period - Icing by Jason Dickinson.
13:05 of 2nd period - Mark Scheifele wins face-off versus Brock Nelson in Wuhan Clan zone.
13:13 of 2nd period - Icing by Jason Dickinson.
13:14 of 2nd period - Tomas Tatar wins face-off versus Mark Scheifele in Wuhan Clan zone.
13:51 of 2nd period - Shot by Aleksander Barkov.
13:51 of 2nd period - Goal by Aleksander Barkov - Jets : 2 - Wuhan Clan : 3.
13:52 of 2nd period - Elias Pettersson wins face-off versus Mason McTavish in neutral zone.
13:55 of 2nd period - Shot by Chu Kock.
13:55 of 2nd period - Deflect By Elias Pettersson.
13:55 of 2nd period - Shot Misses the Net.
14:16 of 2nd period - Icing by Travis Dermott.
14:17 of 2nd period - Aleksander Barkov wins face-off versus Elias Pettersson in Wuhan Clan zone.
14:24 of 2nd period - Shot by Aleksander Barkov.
14:24 of 2nd period - Shot Misses the Net.
15:40 of 2nd period - Shot by Joshua Morrissey.
15:40 of 2nd period - Stopped by Jacob Markstrom without a rebound.
15:41 of 2nd period - Brock Nelson wins face-off versus Mason McTavish in Wuhan Clan zone.
16:00 of 2nd period - Off-side.
16:01 of 2nd period - Elias Pettersson wins face-off versus Erik Haula in neutral zone.
16:33 of 2nd period - Elias Pettersson is hit by Crabface Tinklenuts and loses puck.
17:42 of 2nd period - Jonas Brodin is hit by Tomas Tatar and loses puck.
17:49 of 2nd period - Gabriel Carlsson is hit by Matias Maccelli and loses puck.
18:34 of 2nd period - Shot by Adam Lowry.
18:34 of 2nd period - Shot Misses the Net.
18:36 of 2nd period - Shot by Aaron Ekblad.
18:36 of 2nd period - Shot Blocked by Morgan Rielly.
19:28 of 2nd period - Elias Pettersson is hit by William Karlsson and loses puck.
19:57 of 2nd period - Shot by Aleksander Barkov.
19:57 of 2nd period - Shot Misses the Net.
Goals for this period are 1 for Jets vs 0 for Wuhan Clan.
Shots for this period are 7 for Jets vs 3 for Wuhan Clan.

3rd period


0:01 of 3rd period - Jesperi Kotkaniemi wins face-off versus Erik Haula in neutral zone.
0:06 of 3rd period - Shot by Elias Pettersson.
0:06 of 3rd period - Stopped by Connor Hellebuyck without a rebound.
0:07 of 3rd period - Jesperi Kotkaniemi wins face-off versus Erik Haula in Jets zone.
0:14 of 3rd period - Shot by Jesperi Kotkaniemi.
0:14 of 3rd period - Deflect By Elias Pettersson.
0:14 of 3rd period - Shot Misses the Net.
0:30 of 3rd period - Shot by Elias Pettersson.
0:30 of 3rd period - Shot Misses the Net.
0:33 of 3rd period - Icing by Jacob Trouba.
0:34 of 3rd period - Brock Nelson wins face-off versus Erik Haula in Jets zone.
0:34 of 3rd period - Jason Dickinson is hit by Jacob Trouba and loses puck.
0:51 of 3rd period - Icing by Crabface Tinklenuts.
0:52 of 3rd period - David Krejci wins face-off versus Erik Haula in Jets zone.
0:54 of 3rd period - Elias Pettersson is hit by Jacob Trouba and loses puck.
1:31 of 3rd period - Shot by Elias Pettersson.
1:31 of 3rd period - Deflect By Chu Kock.
1:31 of 3rd period - Shot Misses the Net.
1:44 of 3rd period - Brock Nelson is hit by Jonas Brodin and loses puck.
2:34 of 3rd period - Shot by Kevin Labanc.
2:34 of 3rd period - Shot Misses the Net.
2:36 of 3rd period - Shot by Travis Dermott.
2:36 of 3rd period - Shot Misses the Net.
2:51 of 3rd period - Michael Rasmussen is hit by Jake Sanderson and loses puck.
3:03 of 3rd period - Jake Sanderson is hit by Jacob Larsson and loses puck.
3:57 of 3rd period - Icing by Jake Sanderson.
3:58 of 3rd period - Brock Nelson wins face-off versus Mason McTavish in Jets zone.
4:23 of 3rd period - Shot by Tomas Tatar.
4:23 of 3rd period - Deflect By Brock Nelson.
4:23 of 3rd period - Goal by Brock Nelson - Jets : 2 - Wuhan Clan : 4.
4:23 of 3rd period - Pavel Francouz enters game.
4:24 of 3rd period - Pierre-Luc Dubois wins face-off versus Elias Pettersson in neutral zone.
5:05 of 3rd period - Shot by Pierre-Luc Dubois.
5:05 of 3rd period - Shot Misses the Net.
5:28 of 3rd period - Off-side.
5:29 of 3rd period - Luke Evangelista wins face-off versus Brock Nelson in neutral zone.
5:29 of 3rd period - Nikolaj Ehlers is hit by Brock Nelson and loses puck.
5:40 of 3rd period - Shot by Brock Nelson.
5:40 of 3rd period - Stopped by Pavel Francouz without a rebound.
5:41 of 3rd period - Mark Scheifele wins face-off versus Adam Lowry in Jets zone.
6:12 of 3rd period - Shot by Adam Lowry.
6:12 of 3rd period - Stopped by Pavel Francouz without a rebound.
6:13 of 3rd period - Brock Nelson wins face-off versus Nikolaj Ehlers in Jets zone.
6:40 of 3rd period - Shot by Luke Evangelista.
6:40 of 3rd period - Shot Blocked by Connor Clifton.
6:50 of 3rd period - Icing by Aaron Ekblad.
6:51 of 3rd period - Aleksander Barkov wins face-off versus Brock Nelson in Wuhan Clan zone.
7:09 of 3rd period - Icing by Crabface Tinklenuts.
7:10 of 3rd period - Elias Pettersson wins face-off versus Aleksander Barkov in Jets zone.
7:57 of 3rd period - Aleksander Barkov is hit by Chu Kock and loses puck.
8:10 of 3rd period - Shot by Adam Lowry.
8:10 of 3rd period - Stopped by Pavel Francouz without a rebound.
8:11 of 3rd period - Adam Lowry wins face-off versus Mark Scheifele in Jets zone.
8:40 of 3rd period - Shot by Adam Lowry.
8:40 of 3rd period - Deflect By Kevin Labanc.
8:40 of 3rd period - Stopped by Pavel Francouz without a rebound.
8:41 of 3rd period - Brock Nelson wins face-off versus Mason McTavish in Jets zone.
8:46 of 3rd period - Shot by Jason Dickinson.
8:46 of 3rd period - Deflect By Brock Nelson.
8:46 of 3rd period - Stopped by Pavel Francouz with a rebound.
9:02 of 3rd period - Shot by Mason McTavish.
9:02 of 3rd period - Shot Misses the Net.
9:04 of 3rd period - Shot by Mason McTavish.
9:04 of 3rd period - Stopped by Jacob Markstrom with a rebound.
9:12 of 3rd period - Shot by Mason McTavish.
9:12 of 3rd period - Shot Misses the Net.
9:31 of 3rd period - Icing by Brock Nelson.
9:32 of 3rd period - Mark Scheifele wins face-off versus Brock Nelson in Wuhan Clan zone.
9:41 of 3rd period - Shot by Luke Evangelista.
9:41 of 3rd period - Shot Blocked by Travis Dermott.
9:43 of 3rd period - Shot by Nikolaj Ehlers.
9:43 of 3rd period - Shot Blocked by Jason Dickinson.
10:03 of 3rd period - Shot by Mark Scheifele.
10:03 of 3rd period - Stopped by Jacob Markstrom without a rebound.
10:04 of 3rd period - Aleksander Barkov wins face-off versus Jesperi Kotkaniemi in Wuhan Clan zone.
10:17 of 3rd period - Shot by Aleksander Barkov.
10:17 of 3rd period - Stopped by Jacob Markstrom with a rebound.
10:35 of 3rd period - Shot by Aleksander Barkov.
10:35 of 3rd period - Stopped by Jacob Markstrom without a rebound.
10:36 of 3rd period - Adam Lowry wins face-off versus Mason McTavish in Wuhan Clan zone.
10:51 of 3rd period - Shot by Kevin Labanc.
10:51 of 3rd period - Shot Misses the Net.
10:53 of 3rd period - Shot by Adam Lowry.
10:53 of 3rd period - Stopped by Pavel Francouz with a rebound.
12:17 of 3rd period - Icing by Tomas Tatar.
12:18 of 3rd period - Mark Scheifele wins face-off versus Brock Nelson in Wuhan Clan zone.
12:32 of 3rd period - Jason Dickinson is hit by Jake Sanderson and loses puck.
12:54 of 3rd period - Mark Scheifele is hit by Gabriel Carlsson and loses puck.
12:57 of 3rd period - Shot by Mark Scheifele.
12:57 of 3rd period - Deflect By Nikolaj Ehlers.
12:57 of 3rd period - Stopped by Jacob Markstrom with a rebound.
12:59 of 3rd period - Shot by Jonas Brodin.
12:59 of 3rd period - Shot Misses the Net.
13:29 of 3rd period - Icing by Gabriel Carlsson.
13:30 of 3rd period - Adam Lowry wins face-off versus Erik Haula in Wuhan Clan zone.
15:13 of 3rd period - Icing by Jacob Larsson.
15:14 of 3rd period - William Karlsson wins face-off versus Brock Nelson in Wuhan Clan zone.
15:14 of 3rd period - Jake Sanderson is hit by Travis Dermott and loses puck.
15:42 of 3rd period - Pierre-Luc Dubois is hit by Jacob Larsson and loses puck.
16:28 of 3rd period - Jacob Trouba is hit by Aaron Ekblad and loses puck.
16:52 of 3rd period - Off-side.
16:53 of 3rd period - Erik Haula wins face-off versus Kevin Labanc in neutral zone.
16:53 of 3rd period - Erik Haula is hit by Michael Rasmussen.
17:10 of 3rd period - Icing by Adam Lowry.
17:11 of 3rd period - Mason McTavish wins face-off versus Adam Lowry in Wuhan Clan zone.
17:35 of 3rd period - Mason McTavish is hit by Michael Rasmussen and loses puck.
18:50 of 3rd period - Martin Necas is hit by Aaron Ekblad and loses puck.
19:06 of 3rd period - Mark Scheifele is hit by Aaron Ekblad and loses puck.
19:15 of 3rd period - Shot by Nikolaj Ehlers.
19:15 of 3rd period - Shot Misses the Net.
19:29 of 3rd period - Shot by Luke Evangelista.
19:29 of 3rd period - Stopped by Jacob Markstrom with a rebound.
19:51 of 3rd period - Shot by Pierre-Luc Dubois.
19:51 of 3rd period - Shot Misses the Net.
19:53 of 3rd period - Shot by Aleksander Barkov.
19:53 of 3rd period - Stopped by Jacob Markstrom without a rebound.
19:54 of 3rd period - Brock Nelson wins face-off versus Martin Necas in Wuhan Clan zone.
Goals for this period are 0 for Jets vs 1 for Wuhan Clan.
Shots for this period are 7 for Jets vs 8 for Wuhan Clan.